 Dungeon Crawl Stone Soup version 0.31-a0-702-gf82c85558f (webtiles) character file.

Game seed: 8822426147258559980

1120 cforsyth the Trooper (level 8, -3/64 HPs)
             Began as a Djinni Chaos Knight on Sept 8, 2023.
             Was a Plaything of Xom.
             Slain by an orc warrior
             ... wielding a +0 flail
              (7 damage)
             ... on level 5 of the Dungeon.
             The game lasted 00:06:26 (5726 turns).

cforsyth the Trooper (Djinni Chaos Knight)          Turns: 5726, Time: 00:06:27

Health: -3/64      AC:  8    Str: 11      XL:     8   Next: 60%
Gold:   289        EV: 11    Int: 16      God:    Xom [.*....] SH:  5 Dex: 10 (11)

rFire   + + .        a - +0 falchion (chaos)
rCold   x . .        (no shield)
rNeg    . . .        b - +2 leather armour
rPois   ∞            o - +0 helmet
rElec   .            (no cloak)
rCorr   +            (no gloves)
SInv    .            (boots unavailable)
Will    .....        i - amulet of reflection
Stlth   +            z - ring of resist corrosion
HPRegen 0.30/turn    (no ring)
MPRegen 0.00/turn

%: random rage (3%), reflection, infuse magic (-4 HP)
@: cleaving, on berserk cooldown, flying, slowed, very slow
A: sickness immunity, fire resistance 2, cold vulnerability 1, float, innate
caster, HP casting, extra vitality 1, iridescent scales 1, berserk 1, clumsy 1,
deterioration 1
a: Renounce Religion


You were on level 5 of the Dungeon.
You worshipped Xom.
You were a plaything of Xom.
You visited 1 branch of the dungeon, and saw 5 of its levels.

You collected 289 gold pieces.

Inventory:

Hand Weapons
 a - a +0 falchion of chaos (weapon)
Armour
 b - a +2 leather armour (worn)
 o - a +0 helmet (worn)
Jewellery
 i - an amulet of reflection (around neck)
 z - a ring of resist corrosion (left hand)
Wands
 t - a wand of quicksilver (6)
Scrolls
 c - a scroll of butterflies
 g - a scroll of blinking {unknown}
 j - 2 scrolls of fear {unknown}
 k - 7 scrolls of identify {unknown}
 m - a scroll of brand weapon {unknown}
 q - 2 scrolls of teleportation {unknown}
 s - a scroll of immolation {unknown}
 u - a scroll of enchant armour {unknown}
 y - a scroll of poison {unknown}
Potions
 d - a potion of invisibility {unknown}
 e - 2 potions of lignification {unknown}
 f - 2 potions of might {unknown}
 h - 2 potions of cancellation {unknown}
 l - 3 potions of enlightenment {unknown}
 n - a potion of haste {unknown}
 p - a potion of brilliance {unknown}
 r - 2 potions of heal wounds {unknown}
 v - 3 potions of curing {unknown}
 x - a potion of degeneration {unknown}
 A - a potion of ambrosia {unknown}
 B - a potion of mutation {unknown}


   Skills:
 + Level 7.4 Fighting
 - Level 2.7 Long Blades
 - Level 1.1 Armour
 - Level 2.2 Dodging
 + Level 4.8 Spellcasting
 + Level 4.8 Conjurations
 + Level 4.8 Hexes
   Level 0.0 Charms
 + Level 4.8 Summonings
 + Level 4.8 Necromancy
 + Level 4.8 Translocations
 + Level 4.8 Transmutations
 + Level 4.8 Fire Magic
 + Level 4.8 Ice Magic
 + Level 4.8 Air Magic
 + Level 4.8 Earth Magic
 + Level 4.8 Poison Magic


You knew the following spells:

 Your Spells              Type           Power      Damage    Failure   Level
a - Necrotise             Necr           76%        1d7       2%          1
b - Wereblood             Tmut           19%        N/A       4%          2
c - Call Imp              Summ           38%        N/A       4%          2
Your spell library was empty.

Dungeon Overview and Level Annotations

Branches:
Dungeon (5/15)
 Temple: D:4-7

Altars:
Yredelemnul

Shops:
D:1 [

Annotations:
D:4 2 runed translucent doors, GreenGuy14's ghost, amateur OpSh


Innate Abilities, Weirdness & Mutations

You are immune to sickness and miasma.
You are immune to poison.
Your flesh is very heat resistant. (rF++)
You are vulnerable to cold. (rC-)
You float through the air rather than walking.
You learn spells naturally, not from books.
Your magical power is your life essence.
You have superior vitality. (+4 MHP)
You are partially covered in iridescent scales. (AC +2)
You sometimes lose your temper in combat.
You are clumsy. (Dex -2)
Your body sometimes deteriorates upon taking damage.


Message History

You hit the orc warrior but do no damage.
The orc warrior is moderately wounded.
The orc warrior hits you but does no damage.
The orc warrior completely misses you.
The orc warrior hits you with a +0 flail!
You are too injured to fight recklessly!
You are too injured to fight recklessly!
You are too injured to fight recklessly!
You are too injured to fight recklessly!
You are too injured to fight recklessly!
You are too injured to fight recklessly!
You are too injured to fight recklessly!
You barely miss the orc warrior.
The orc warrior is moderately wounded.
You hit the centaur.
The orc warrior hits you with a +0 flail!
* * * LOW HITPOINT WARNING * * *
The orc warrior hits you with a +0 flail.
* * * LOW HITPOINT WARNING * * *
The centaur barely misses you.
The centaur kicks you but does no damage.
You slash the orc warrior!
The orc warrior is severely wounded.
You hit the centaur.
The orc warrior hits you with a +0 flail!
* * * LOW HITPOINT WARNING * * *
The orc warrior misses you.
The centaur barely misses the orc warrior.
The centaur kicks the orc warrior but does no damage.
You block the orc warrior's attack.
Aiming: Charm
Press: ? - help, Shift-Dir - straight line, f - orc warrior
Aim: an orc warrior, wielding a +0 flail and wearing a +0 plate armour (severely wounded, fast, poisoned, chance to affect: 49%)
The orc warrior resists with some effort.
The now-empty wand crumbles to dust.
The centaur hits the orc warrior but does no damage.
The centaur kicks the orc warrior but does no damage.
The orc warrior hits you with a +0 flail!
You die...
Xom chuckles heartily!

#... #.#. #.#. #.#. #.#.
#.#. ###################.#.
#................#....
#..(.@oc.........#####
#..#####..#####..#
#......#..#h..o..#
#..!...#..#......#####
#########$.#..#..#####....
#...#......#..#..... #####
#...#....S.#..#..s...#....
#.[.#..#####..#####..#.#..
###...#......#..#s.....#....


You could see an orc warrior (fast, poisoned), a centaur (confused) and a howler
monkey.

Vanquished Creatures
  Sigmund (D:3)
  A centaur (D:5)
  A scorpion (D:5)
  A howler monkey (D:5)
  2 jellies (D:5)
  4 orc priests
  A hound (D:5)
  A gnoll bouda (D:5)
  A sleepcap (D:5)
  2 iguanas
  7 orc wizards
  Robin (D:1)
  5 gnolls (D:5)
  11 adders
  An ufetubus (D:5)
  A worm (D:4)
  22 orcs
  6 ball pythons
  8 endoplasms
  17 goblins
  10 hobgoblins
  4 jackals
  3 quokkas
  3 bats
  3 frilled lizards
  3 kobolds
  2 rats
122 creatures vanquished.

Vanquished Creatures (collateral kills)
  A jackal (D:3)
1 creature vanquished.

Vanquished Creatures (others)
  An orc zombie (D:3)
1 creature vanquished.

Grand Total: 124 creatures vanquished

Notes
Turn   | Place    | Note
-------+----------+-------------------------------------------
     0 | D:1      | cforsyth the Djinni Chaos Knight began the quest for the
                  | Orb.
     0 | D:1      | Reached XP level 1. HP: 20/20 MP: 0/0
    32 | D:1      | Found a faded altar of an unknown god.
    37 | D:1      | Reached XP level 2. HP: 18/25 MP: 0/0
   251 | D:1      | Found Alirgh's Antique Armour Boutique.
   516 | D:2      | Reached XP level 3. HP: 30/30 MP: 0/0
   516 | D:2      | Learned a level 1 spell: Necrotise
   519 | D:2      | Reached skill level 1 in Spellcasting
   519 | D:2      | Reached skill level 1 in Conjurations
   519 | D:2      | Reached skill level 1 in Hexes
   519 | D:2      | Reached skill level 1 in Summonings
   519 | D:2      | Reached skill level 1 in Necromancy
   519 | D:2      | Reached skill level 1 in Translocations
   519 | D:2      | Reached skill level 1 in Transmutations
   519 | D:2      | Reached skill level 1 in Fire Magic
   519 | D:2      | Reached skill level 1 in Ice Magic
   519 | D:2      | Reached skill level 1 in Air Magic
   519 | D:2      | Reached skill level 1 in Earth Magic
   519 | D:2      | Reached skill level 1 in Poison Magic
   549 | D:2      | XOM: divination: detect items
   703 | D:2      | Noticed Robin
   723 | D:1      | Killed Robin
   980 | D:2      | Reached XP level 4. HP: 37/37 MP: 0/0
  1080 | D:2      | Reached skill level 4 in Fighting
  1385 | D:3      | XOM: divination: detect items
  1389 | D:3      | XOM: cast spell 'Cause Fear'
  1394 | D:3      | XOM: enchant monster (bad)
  1395 | D:3      | XOM: enchant monster (good)
  1477 | D:3      | XOM: enchant monster (good)
  1478 | D:3      | XOM: summons friendly quasit
  1480 | D:3      | Reached XP level 5. HP: 33/42 MP: 0/0
  1480 | D:3      | Learned a level 2 spell: Wereblood
  1676 | D:3      | XOM: summons 1 hostile demon
  1762 | D:3      | XOM: enchant monster (good)
  1891 | D:3      | XOM: silly message
  1926 | D:3      | Reached XP level 6. HP: 48/48 MP: 0/0
  2132 | D:3      | Noticed Sigmund
  2134 | D:3      | XOM: fog
  2140 | D:3      | Killed Sigmund
  2141 | D:3      | Reached skill level 5 in Fighting
  2149 | D:3      | XOM: noise
  2584 | D:4      | XOM: noise
  2622 | D:4      | XOM: summons 3 hostile demons
  2856 | D:4      | Reached XP level 7. HP: 47/54 MP: 0/0
  2856 | D:4      | Learned a level 2 spell: Call Imp
  2890 | D:4      | XOM: god gift: phantom mirror
  2958 | D:4      | XOM: god gift: wand of quicksilver (6)
  3410 | D:4      | XOM: summons 4 hostile demons
  3426 | D:4      | HP: 2/55 [ufetubus[Xom] (2)]
  3762 | D:4      | Found a runed translucent door.
  3763 | D:4      | Noticed GreenGuy14's ghost (amateur OpSh)
  3781 | D:4      | Found a runed translucent door.
  3971 | D:5      | Entered Level 5 of the Dungeon
  4014 | D:5      | Reached skill level 6 in Fighting
  4362 | D:4      | XOM: give mutations
  4362 | D:4      | Gained mutation: Your body sometimes deteriorates upon
                  | taking damage. [Xom's mischief]
  4362 | D:4      | Gained mutation: You sometimes lose your temper in combat.
                  | [Xom's mischief]
  4362 | D:4      | Gained mutation: You are clumsy. (Dex -2) [Xom's mischief]
  4418 | D:4      | XOM: scenery: summon butterflies
  4656 | D:5      | Reached XP level 8. HP: 62/62 MP: 0/0
  4694 | D:5      | XOM: confuse monster(s)
  5025 | D:5      | XOM: 3-stop teleportation journey
  5052 | D:5      | Reached skill level 7 in Fighting
  5267 | D:5      | XOM: summons 1 hostile shadow creature
  5465 | D:5      | XOM: 3-stop teleportation journey
  5478 | D:5      | XOM: give mutation
  5478 | D:5      | Gained mutation: You are partially covered in iridescent
                  | scales. (AC +2) [Xom's grace]
  5597 | D:5      | Found a basalt altar of Yredelemnul.
  5710 | D:5      | XOM: confuse monster(s)
  5716 | D:5      | XOM: snakes to sticks
  5720 | D:5      | XOM: cleaving
  5726 | D:5      | Slain by an orc warrior

Illustrated notes

Levels and vault maps discovered:
D:1:      ldierk_walled_garden_2, layout_rooms,
          dreamdust_ecumenical_altar_grove, serial_shops,
          nicolae_shop_dealshenge
D:2:      layout_rooms, uniq_robin
D:3:      layout_basic, uniq_sigmund
D:4:      layout_basic, ebering_ghost_sewer_f, corexii_checkpoint_a
D:5:      kennysheep_windowed_halls, layout_rooms, nicolae_vehumet_altar_sigil,
          lemuel_doored_altar, palyth_stone_intersect

Skill      XL: |  1  2  3  4  5  6  7  8 |
---------------+-------------------------+-----
Spellcasting   | 1 2 3 4 |  4.8
Conjurations   | 1 2 3 4 |  4.8
Hexes          | 1 2 3 4 |  4.8
Summonings     | 1 2 3 4 |  4.8
Necromancy     | 1 2 3 4 |  4.8
Translocations | 1 2 3 4 |  4.8
Transmutations | 1 2 3 4 |  4.8
Fire Magic     | 1 2 3 4 |  4.8
Ice Magic      | 1 2 3 4 |  4.8
Air Magic      | 1 2 3 4 |  4.8
Earth Magic    | 1 2 3 4 |  4.8
Poison Magic   | 1 2 3 4 |  4.8
Fighting       | 4 5 6 7 |  7.4
Long Blades    | |  2.7
Armour         | |  1.1
Dodging        | |  2.2

Action                     |  1- 3 |  4- 6 |  7- 9 || total
---------------------------+-------+-------+-------++-------
  Melee: Falchion          |    84 |   221 |   284 ||   589
         Punch             |       |     1 |     3 ||     4
   Cast: Call Imp          |       |       |     5 ||     5
  Evoke: Wand              |       |       |     1 ||     1
   Stab: Petrified         |       |    12 |       ||    12
         Paralysed         |       |     2 |       ||     2
         Distracted        |       |       |     1 ||     1
         Confused          |       |       |     2 ||     2
 Armour: Leather armour    |    56 |   177 |   296 ||   529
  Dodge: Dodged            |    61 |   162 |   224 ||   447
  Block: Other             |       |       |    19 ||    19

Table legend: (Time is in decaauts)
 A = Elapsed time spent in this place.
 B = Non-inter-level travel time spent in this place.
 C = Inter-level travel time spent in this place.
 D = Time resting spent in this place.
 E = Time spent auto-exploring this place.
 F = Levels seen in this place.
 G = Mean time per level.
                   A        B        C        D        E       F      G
               +--------+--------+--------+--------+--------+-----+--------+
         Total |   5874 |   5741 |    133 |   1083 |   3306 |   5 | 1174.8 |
       Dungeon |   5874 |   5741 |    133 |   1083 |   3306 |   5 | 1174.8 |
               +--------+--------+--------+--------+--------+-----+--------+

Top non-repeatable levels by time:
     D:4: 1564 daAuts
     D:5: 1442 daAuts
     D:3: 1402 daAuts
     D:1: 741 daAuts
     D:2: 723 daAuts
